Map: Симулякр РВ

Players

IIIIIIIIIIII - Winner!

  • Race: Protoss Protoss
  • League: Master
  • Spawn Location: 5:00

IIIIIIIIIIII

  • Race: Terran Terran
  • League: Master
  • Spawn Location: 11:00

VOD

Have the link to the VOD?

Description

Time

  • Played on: Dec. 1, 2019, 11:51 a.m.
  • Length: 15:01
Show
View Real Time Build Order
Export as new Build Order

IIIIIIIIIIII Protoss - Winner!

Build Orders: 1 Gate Expand, Blink Stalkers, Colossus Rush 

Get SALT Encoding   

  12  0:00  Probe  
  13  0:12  Probe  
  14  0:18  Pylon  
  14  0:24  Probe (Chrono Boost)  
  15  0:38  Probe (Chrono Boost)  
  15  0:39  Gateway  
  16  0:43  Probe (Chrono Boost)  
  16  0:46  Assimilator  
  17  0:52  Probe  
  18  1:04  Probe  
  19  1:16  Probe  
  20  1:24  Nexus  
  20  1:34  Cybernetics Core  
  20  1:36  Probe  
  21  1:41  Assimilator  
  21  1:48  Probe  
  21  1:51  Pylon  
  22  2:00  Probe (Chrono Boost)  
  23  2:07  Stalker (Chrono Boost)  
  23  2:11  Warp Gate  
  23  2:12  Probe (Chrono Boost)  
  26  2:17  Probe (Chrono Boost)  
  27  2:26  Twilight Council, Probe  
  27  2:39  Probe (Chrono Boost)  
  29  2:44  Probe (Chrono Boost)  
  29  2:45  Stalker  
  29  2:48  Probe (Chrono Boost)  
  33  2:52  Probe (Chrono Boost)  
  33  2:53  Probe (Chrono Boost)  
  33  2:58  Blink (Chrono Boost)  
  34  3:03  Probe (Chrono Boost)  
  34  3:05  Probe (Chrono Boost)  
  36  3:17  Probe (Chrono Boost)  
  38  3:21  Probe (Chrono Boost)  
  38  3:25  Probe (Chrono Boost)  
  39  3:27  Probe (Chrono Boost)  
  39  3:30  Pylon  
  39  3:33  Robotics Facility  
  39  3:34  Stalker  
  42  3:35  Probe  
  42  3:39  Probe  
  44  3:47  Probe  
  45  3:48  Gateway  
  45  3:49  Gateway  
  45  3:51  Probe  
  45  3:53  Assimilator  
  45  3:55  Assimilator  
  46  3:59  Probe  
  47  4:03  Probe  
  47  4:04  Pylon  
  48  4:11  Probe  
  48  4:14  Stalker  
  48  4:15  Probe  
  52  4:21  Observer  
  52  4:23  Probe  
  54  4:25  Robotics Bay  
  54  4:27  Probe, Forge  
  55  4:40  Nexus  
  55  4:43  Observer (Chrono Boost)  
  55  4:44  Pylon  
  56  4:47  Charge  
  56  4:53  Stalker  
  56  4:54  Probe  
  56  4:55  Probe  
  56  4:59  Observer (Chrono Boost)  
  61  5:00  Pylon  
  61  5:01  Protoss Ground Weapons Level 1  
  61  5:06  Observer, Probe  
  62  5:07  Probe  
  62  5:12  Observer  
  63  5:14  Colossus (Chrono Boost)  
  63  5:19  Probe x2  
  71  5:22  Pylon  
  73  5:35  Sentry  
  73  5:36  Zealot  
  73  5:41  Pylon  
  75  5:42  Pylon  
  75  5:44  Pylon, Gateway  
  75  5:46  Gateway  
  75  5:49  Gateway  
  75  5:58  Colossus (Chrono Boost)  
  81  6:13  Zealot x2  
  81  6:14  Zealot  
  87  6:24  Probe x2  
  89  6:27  Extended Thermal Lance  
  89  6:30  Probe  
  90  6:36  Probe x2, Zealot x3  
  98  6:40  Zealot x2  
  98  6:43  Probe  
  98  6:46  Colossus  
  109  6:47  Pylon  
  105  6:56  Zealot  
  96  7:06  Zealot x5  
  90  7:26  Probe x2  
  90  7:28  Protoss Ground Weapons Level 2 (Chrono Boost), Stalker x2  
  90  7:29  Stalker x2, Sentry  
  102  7:37  Colossus (Chrono Boost)  
  102  7:38  Probe x2  
  102  7:40  Probe  
  111  7:48  Forge  
  111  7:50  Probe x2  
  113  7:52  Assimilator  
  113  7:53  Probe  
  114  8:02  Templar Archives, Probe x2  
  114  8:04  Assimilator  
  116  8:08  Pylon  
  116  8:09  Nexus  
  116  8:13  Probe  
  116  8:14  Probe x2  
  116  8:17  Observer, Disruptor (Chrono Boost)  
  122  8:20  Zealot x3  
  122  8:26  Probe  
  130  8:27  Probe x2  
  130  8:29  Pylon  
  130  8:31  Protoss Ground Armor Level 1 (Chrono Boost)  
  130  8:33  Pylon  
  131  8:35  Robotics Facility  
  131  8:38  Probe  
  132  8:41  High Templar x2, Zealot  
  132  8:42  Zealot  
  132  8:45  Archon  
  140  8:49  Probe x2, Disruptor  
  140  8:50  Probe  
  146  8:59  Pylon  
  146  9:01  Assimilator, Probe x2  
  146  9:02  Probe  
  149  9:03  Assimilator  
  149  9:10  High Templar x2  
  149  9:11  Zealot x2  
  149  9:14  Archon  
  157  9:17  Gateway  
  157  9:19  Gateway x2  
  157  9:23  Gateway  
  157  9:25  Gateway  
  157  9:28  Disruptor  
  157  9:29  Protoss Ground Weapons Level 3 (Chrono Boost)  
  157  9:31  Disruptor  
  162  9:41  Probe x3  
  165  9:50  Dark Shrine, Zealot x2  
  165  9:52  Zealot  
  171  10:03  Warp Prism  
  165  10:08  Zealot x2  
  165  10:09  Zealot  
  130  10:22  Colossus (Chrono Boost)  
  127  10:29  Zealot x6  
  127  10:30  Zealot  
  137  10:39  Colossus (Chrono Boost)  
  131  10:47  Stalker x3  
  133  10:56  Stalker x5  
  139  11:11  Nexus  
  139  11:15  Pylon  
  139  11:16  Pylon  
  139  11:18  Pylon  
  139  11:19  Pylon  
  139  11:27  Pylon  
  139  11:34  Colossus  
  139  11:35  Colossus  
  151  11:40  High Templar x2  
  151  11:41  Pylon  
  151  11:42  High Templar  
  151  11:43  High Templar  
  151  11:46  Archon  
  159  11:47  Archon  
  159  11:48  Pylon  
  157  11:58  Zealot x5  
  157  11:59  Zealot  
  165  12:02  Pylon  
  153  12:12  Zealot x2  
  151  12:22  Stalker x2  
  149  12:23  Stalker x3  
  153  12:42  Probe x3  
  153  12:43  Probe  
  155  12:53  Zealot x3  
  155  12:54  Probe x3, Zealot x7  
  178  13:04  Colossus  
  152  13:28  Stalker x3  
  152  13:29  Stalker x4  
  159  14:00  Stalker x9  
  159  14:01  Stalker x2  
  181  14:04  Colossus  
  185  14:13  Warp Prism  
  181  14:25  High Templar x3  
  181  14:26  High Templar x3, Zealot x2  
  193  14:36  Archon  
  193  14:37  Archon x2  
  177  14:59  Dark Templar x2  
Show
View Real Time Build Order
Export as new Build Order

IIIIIIIIIIII Terran 

Build Orders: Reaper Expand 

Get SALT Encoding   

  12  0:00  SCV  
  13  0:13  SCV  
  14  0:17  Supply Depot  
  14  0:25  SCV  
  15  0:39  SCV  
  15  0:41  Barracks  
  16  0:44  Refinery  
  16  0:51  SCV  
  17  1:03  SCV  
  18  1:15  SCV  
  19  1:28  Orbital Command, Reaper  
  20  1:41  Command Center  
  20  1:51  Supply Depot  
  20  1:54  SCV  
  20  2:00  Marine  
  22  2:06  Factory  
  22  2:09  SCV  
  22  2:15  Refinery  
  23  2:21  SCV  
  23  2:22  Barracks Reactor  
  24  2:33  SCV  
  24  2:45  SCV  
  24  2:51  Starport  
  25  2:53  Orbital Command  
  25  2:55  Widow Mine  
  25  2:57  SCV  
  28  2:59  Marine x2  
  30  3:09  SCV  
  31  3:17  Factory Tech Lab, Marine x2  
  31  3:19  SCV  
  34  3:22  SCV  
  35  3:29  Barracks  
  35  3:32  SCV  
  35  3:34  Bunker  
  36  3:36  Marine x2  
  36  3:40  Supply Depot, Raven  
  40  3:43  SCV  
  40  3:44  SCV  
  40  3:46  Factory Tech Lab  
  42  3:50  Barracks  
  43  3:55  SCV  
  43  3:56  SCV  
  43  3:57  Marine  
  43  3:58  Marine  
  46  4:03  Supply Depot  
  46  4:07  SCV  
  46  4:09  SCV  
  48  4:11  Engineering Bay  
  48  4:15  Refinery  
  48  4:17  Marine x2  
  50  4:24  SCV x2  
  50  4:26  Supply Depot  
  50  4:28  Marauder  
  50  4:29  Stimpack  
  54  4:36  SCV x2  
  56  4:39  Starport Reactor, Factory Reactor  
  56  4:43  Supply Depot, Terran Infantry Weapons Level 1  
  56  4:50  SCV x2, Supply Depot  
  58  4:53  Marauder  
  58  4:57  Marauder  
  58  4:59  Marine x2  
  64  5:02  SCV x2  
  64  5:05  Supply Depot  
  66  5:13  Supply Depot, Refinery  
  66  5:14  SCV  
  66  5:15  SCV  
  66  5:17  Medivac  
  66  5:19  Medivac  
  72  5:26  Marine x2  
  72  5:28  Supply Depot, Marauder  
  76  5:31  Marauder  
  76  5:33  SCV x2  
  80  5:37  Supply Depot  
  80  5:38  Combat Shield  
  80  5:42  Widow Mine  
  82  5:43  Widow Mine  
  84  5:51  Marine x2  
  84  5:56  Supply Depot, Marauder x2  
  90  5:59  Medivac x2  
  91  6:09  Marine x2  
  91  6:16  Widow Mine x2  
  91  6:17  Command Center  
  95  6:23  Marauder  
  95  6:24  Marauder  
  99  6:26  Supply Depot  
  99  6:29  Concussive Shells  
  99  6:35  SCV x2  
  99  6:38  Barracks  
  101  6:40  Barracks  
  101  6:42  Terran Infantry Armor Level 1  
  101  6:44  Marine x2  
  103  6:49  Supply Depot  
  89  7:03  SCV  
  82  7:12  Marine x2  
  82  7:13  SCV, Marauder x2  
  82  7:14  Viking x2  
  88  7:21  SCV  
  88  7:25  SCV  
  88  7:27  Widow Mine x2  
  89  7:30  Marine x2  
  89  7:35  Marauder x2  
  95  7:37  Barracks Tech Lab, Barracks Reactor  
  95  7:41  Orbital Command  
  95  7:45  Viking x2  
  95  7:48  Marine x2  
  95  7:49  SCV x2  
  103  7:56  Marauder x2  
  107  8:01  SCV  
  107  8:02  Ghost Academy  
  107  8:03  Marauder  
  107  8:05  SCV  
  111  8:08  SCV  
  111  8:12  Supply Depot  
  112  8:13  Supply Depot, SCV  
  112  8:16  Viking  
  112  8:17  SCV  
  112  8:18  Viking  
  112  8:19  Missile Turret, Marine x2  
  120  8:20  SCV, Marine  
  120  8:21  Marine  
  120  8:25  Marauder  
  125  8:28  Marauder x2  
  125  8:32  Supply Depot, Enhanced Shockwaves  
  129  8:37  Refinery  
  129  8:39  Marine x3  
  129  8:40  Marine  
  133  8:47  Supply Depot, Refinery  
  135  8:48  SCV x2  
  135  8:50  Viking x2  
  135  8:53  Ghost  
  141  8:57  Ghost  
  141  9:01  Ghost  
  145  9:08  Armory  
  145  9:09  Engineering Bay  
  145  9:10  SCV  
  145  9:13  Marine x2  
  145  9:14  Supply Depot, Marine  
  145  9:15  Marine  
  150  9:25  Marauder  
  150  9:26  Marauder  
  150  9:28  Medivac x2  
  150  9:31  Marauder, Marine  
  160  9:32  Marine  
  160  9:35  Marine x2  
  164  9:50  Command Center  
  164  9:52  Fusion Core  
  164  9:53  Marine  
  164  9:54  Marine x2  
  164  9:58  Marine  
  168  10:02  Marauder, Liberator  
  168  10:03  Liberator  
  162  10:10  Marine  
  162  10:11  Marauder, Marine  
  145  10:21  Marine x2  
  145  10:24  Marauder  
  145  10:25  SCV x3  
  145  10:26  Terran Infantry Weapons Level 2, Terran Infantry Armor Level 2  
  145  10:28  Terran Ship Weapons Level 1  
  152  10:29  Marauder  
  152  10:30  Marine  
  152  10:32  Marauder  
  155  10:42  Marine  
  149  10:45  Marauder, Liberator x2  
  137  10:53  SCV x2, Barracks  
  137  10:54  Barracks, Marauder, Marine  
  144  11:04  Planetary Fortress  
  144  11:07  Supply Depot  
  144  11:24  Marauder x2, Marine x4  
  144  11:25  Marauder  
  154  11:29  Missile Turret  
  154  11:33  Refinery  
  154  11:34  Starport, Refinery  
  154  11:38  Liberator x2  
  154  11:41  Marine  
  155  11:48  Command Center  
  155  11:50  Marine x3  
  155  11:51  Barracks Tech Lab  
  155  11:52  Barracks Tech Lab  
  155  11:56  Marine  
  155  11:57  Marauder  
  162  12:04  Marauder, Marine  
  162  12:12  Marine  
  162  12:13  Marauder  
  154  12:16  Medivac x2  
  145  12:22  Advanced Ballistics  
  145  12:24  Marauder, Liberator  
  127  12:34  Marine x2  
  127  12:35  Marauder x3, Marine  
  127  12:37  Marauder, Marine  
  131  12:40  Medivac, Sensor Tower  
  133  12:44  Missile Turret  
  133  12:45  Marauder  
  133  12:52  Marine x2  
  133  12:53  Marine  
  133  12:54  Marine  
  133  12:55  Liberator  
  133  12:56  Marauder x2  
  133  12:57  Marauder  
  145  12:58  Marauder  
  137  13:06  Marine  
  137  13:10  Marine x3  
  137  13:12  Marine  
  136  13:17  Marauder  
  136  13:18  Marauder x2  
  136  13:19  Marine  
  136  13:21  Liberator  
  136  13:25  Marauder  
  132  13:28  Marine x3  
  132  13:30  Marine  
  136  13:38  Marauder  
  136  13:39  Marauder x3  
  136  13:40  Liberator x2  
  143  13:42  SCV x2  
  143  13:45  Marine  
  143  13:46  Marauder, Marine  
  134  13:59  Marauder  
  134  14:00  Liberator  
  134  14:01  Command Center  
  141  14:03  Marine  
  137  14:22  Sensor Tower  
  137  14:23  Marauder, Marine  
  146  14:31  Marauder, Marine  
  135  14:32  Marine  
  135  14:33  Marauder  
  135  14:38  Marine  
  104  14:39  Marauder  
Tags
 
Add a new tag
Caveats
  • Supply blocks, unpowered buildings, or Contaminate may cause inaccurate times.
  • Supply counts are checked every 10 seconds.